 Dungeon Crawl Stone Soup version 0.25.0-11-g1f837a76a1 (webtiles) character file.

Game seed: 17147134091713527846

210 Apogee the Chopper (level 5, -7/47 HPs)
             Began as a Hill Orc Abyssal Knight on June 26, 2020.
             Was an Initiate of Beogh.
             Mangled by a raiju (9 damage)
             ... on level 1 of the Abyss.
             The game lasted 00:05:40 (3334 turns).

Apogee the Chopper (Hill Orc Abyssal Knight)        Turns: 3334, Time: 00:05:41

Health: -7/47      AC:  4    Str: 16    XL:     5   Next: 88%
Magic:  6/6        EV: 11    Int: 12    God:    Beogh [......]
Gold:   169        SH:  0    Dex: 10    Spells: 4/4 levels left

rFire    . . .     SeeInvis .   a - +1 hand axe
rCold    . . .     Gourm    .   (no shield)
rNeg     . . .     Faith    .   b - +0 leather armour
rPois    .         Spirit   .   (no helmet)
rElec    .         Reflect  .   (no cloak)
rCorr    .         Harm     .   e - +0 pair of gloves
MR       .....                  (no boots)
Stlth    +.........             (no amulet)
HPRegen  0.15/turn              (no ring)
MPRegen  0.10/turn              (no ring)

@: heavily drained
A: no striking features
a: Renounce Religion


You were on level 1 of the Abyss.
You worshipped Beogh.
Beogh was noncommittal.
You were not hungry.

You visited 1 branch of the dungeon, and saw 4 of its levels.
You visited the Abyss 2 times.

You collected 169 gold pieces.

Inventory:

Hand Weapons
 a - a +1 hand axe (weapon)
 i - a +0 war axe
Missiles
 l - 14 poisoned darts (quivered)
Armour
 b - a +0 leather armour (worn)
 e - a +0 pair of gloves (worn)
Jewellery
 h - an uncursed ring of poison resistance
Potions
 d - a potion of flight {unknown}
 j - a potion of heal wounds
 n - a potion of experience {unknown}
 o - a potion of brilliance {unknown}
Comestibles
 c - 8 rations
 m - a chunk of flesh


   Skills:
 + Level 4.8(2.9) Fighting
 * Level 7.0(4.9) Axes
 - Level 2.2(0.5) Armour
 - Level 0.7(0.0) Dodging
 - Level 2.4(0.6) Invocations


You had 4 spell levels left.
You didn't know any spells.
Your spell library was empty.

Dungeon Overview and Level Annotations

Branches:
Dungeon (4/15)
 Temple: D:4-7

Altars:

Annotations:
D:2 Sigmund


Message History

You feel momentarily disoriented.
It was a scroll of magic mapping.
The raiju barks!
The raiju bursts into living lightning!
The living lightning hits you!
The living lightning hits the raiju.
The raiju completely resists.
The raiju blinks!
As you read the scroll labeled NIN SIQYEROOWN, it crumbles to dust.
You feel blessed for a moment.
It was a scroll of remove curse.
The raiju barely misses you.
Unknown command.
Unknown command.
The raiju bursts into living lightning!
The living lightning hits the raiju.
The raiju completely resists.
The living lightning hits the raiju.
The raiju completely resists.
The living lightning hits you!
* * * LOW HITPOINT WARNING * * *
The raiju blinks!
The raiju bites you.
* * * LOW HITPOINT WARNING * * *
The raiju shocks you!
You die...

##....####.##
#
#####.#.....#
#...........#
#.#.#....#..#
#..........#
#.#.h#.x...#
#####h...x.##
#....h###..#
###.@.# ...x
###h# #. ..
..# .### ##.#
..# ..# #.#
#..


You could see an ancient zyme and 4 raiju.

Vanquished Creatures
  An orc priest (D:3)
  A bullfrog skeleton (D:4)
  A hound (D:4)
  An orc wizard (D:3)
  Terence (D:2)
  2 adders
  A worm (D:3)
  2 dart slugs (D:3)
  2 leopard geckos
  3 orcs (D:3)
  5 bats
  4 giant cockroaches
  4 goblins (D:1)
  4 hobgoblins
  2 jackals (D:1)
  A quokka (D:3)
  2 ball pythons
  3 frilled lizards
  5 kobolds
  6 rats (D:1)
51 creatures vanquished.

Notes
Turn   | Place    | Note
-------+----------+-------------------------------------------
     0 | Abyss:1  | Apogee the Hill Orc Abyssal Knight began the quest for the
                  | Orb.
     0 | Abyss:1  | Reached XP level 1. HP: 19/19 MP: 2/2
    57 | Abyss:1  | Noticed a raiju
    59 | D:1      | Escaped the Abyss
   327 | D:1      | Reached skill level 3 in Axes
   437 | D:1      | Reached XP level 2. HP: 27/27 MP: 3/3
   478 | D:1      | Reached * piety under Lugonu
   791 | D:1      | Reached XP level 3. HP: 33/33 MP: 4/4
   811 | D:1      | Reached skill level 4 in Axes
  1210 | D:2      | Noticed Terence
  1230 | D:2      | Killed Terence
  1357 | D:2      | Reached XP level 4. HP: 38/41 MP: 5/5
  1396 | D:2      | Noticed Sigmund
  1636 | D:3      | Reached skill level 5 in Axes
  1998 | D:3      | Reached skill level 6 in Axes
  1998 | D:3      | Reached XP level 5. HP: 27/47 MP: 6/6
  2483 | D:3      | Fell from the grace of Lugonu
  2483 | D:3      | Became a worshipper of Beogh the Brigand
  3190 | D:4      | Reached skill level 7 in Axes
  3244 | D:4      | Cast into level 1 of the Abyss (Lugonu's touch)
  3248 | Abyss:1  | Found a corrupted altar of Lugonu.
  3327 | Abyss:1  | Noticed an ancient zyme
  3328 | Abyss:1  | Noticed a raiju
  3328 | Abyss:1  | Noticed a raiju
  3329 | Abyss:1  | Noticed a raiju
  3330 | Abyss:1  | Noticed a raiju
  3334 | Abyss:1  | HP: 2/47 [raiju (5)]
  3334 | Abyss:1  | Mangled by a raiju

Illustrated notes

Levels and vault maps discovered:
D:1:      nicolae_arrival_washed_ashore, layout_loops_ring, minmay_pentomino_o2
D:2:      layout_basic, lemuel_round_altar, uniq_terence, uniq_sigmund
D:3:      layout_basic, first_ration, skrybe_limestone_x
D:4:      layout_rooms, nicolae_overflow_crystal_walls,
          nicolae_ru_the_path_less_chosen, gammafunk_ghost_arena, bloody_trog,
          uniq_crazy_yiuf_cottage
Abyss:1:  base: D:1, base:
D:1

Skill      XL: |  1  2  3  4  5 |
---------------+----------------+-----
Axes           | 3 4 6 7 |  7.0
Fighting       | 4 |  4.8
Armour         | |  2.2
Dodging        | |  0.7
Invocations    | |  2.4

Action                   |  1- 3 |  4- 6 || total
-------------------------+-------+-------++-------
Melee: Hand axe          |   112 |   113 ||   225
Invok: Depart the Abyss  |     1 |       ||     1
       Convert to Beogh  |       |     1 ||     1
  Use: Potion            |     1 |       ||     1
       Scroll            |       |     3 ||     3
 Stab: Sleeping          |     1 |       ||     1
  Eat: Chunk             |     1 |     7 ||     8
Armor: Leather armour    |    27 |    40 ||    67
Dodge: Dodged            |    65 |    64 ||   129
